 Dungeon Crawl Stone Soup version 0.25.1-2-g60ff931df9 (webtiles) character file.

Game seed: 5334568627908579787

2961 DerDa the Skirmisher (level 9, -8/56 HPs)
             Began as a Gargoyle Fighter on Sept 21, 2020.
             Was a Follower of the Shining One.
             Mangled by Gastronok (17 damage)
             ... on level 8 of the Dungeon.
             The game lasted 00:15:42 (7737 turns).

DerDa the Skirmisher (Gargoyle Fighter)             Turns: 7737, Time: 00:15:43

Health: -8/56      AC: 23    Str: 23    XL:     9   Next: 81%
Magic:  9/9        EV: 11    Int:  9    God:    the Shining One [*.....]
Gold:   357        SH: 10    Dex:  9    Spells: 8/8 levels left

rFire    + . .     SeeInvis .   r - +1 mace (protect)
rCold    + . .     Gourm    .   c - +0 kite shield
rNeg     + . .     Faith    .   b - +0 scale mail
rPois    ∞         Spirit   .   A - +1 helmet
rElec    +         Reflect  .   F - scarf {rC+ rF+}
rCorr    .         Harm     .   (no gloves)
MR       +....                  (no boots)
Stlth    ..........             w - amulet of regeneration
HPRegen  0.58/turn              O - ring of protection from magic
MPRegen  0.11/turn              (no ring)

@: protection aura, hasted and slowed, glowing
A: negative energy resistance 1, electricity resistance, unbreathing,
petrification resistance, rot immunity, AC +6
a: Renounce Religion


You were on level 8 of the Dungeon.
You worshipped the Shining One.
The Shining One was aware of your devotion.
You were hungry.

You visited 2 branches of the dungeon, and saw 9 of its levels.

You collected 621 gold pieces.
You spent 264 gold pieces at shops.

Inventory:

Hand Weapons
 r - a +1 mace of protection (weapon)
 B - a +0 hunting sling
Missiles
 g - 87 sling bullets
 l - 37 bolts
 x - 19 poisoned darts (quivered)
Armour
 b - a +0 scale mail (worn)
 c - a +0 kite shield (worn)
 A - a +1 helmet (worn)
 F - a scarf of resistance (worn)
Jewellery
 w - an amulet of regeneration (around neck)
 O - a ring of protection from magic (left hand)
Wands
 u - a wand of acid (7)
 C - a wand of paralysis (9)
 H - a wand of disintegration (12)
Scrolls
 a - a scroll of vulnerability {unknown}
 h - 4 scrolls of magic mapping {unknown}
 j - 5 scrolls of remove curse
 k - 7 scrolls of teleportation
 n - 5 scrolls of blinking {unknown}
 o - 2 scrolls of immolation {unknown}
 s - 2 scrolls of random uselessness {unknown}
 t - 2 scrolls of amnesia {unknown}
 v - a scroll of noise {unknown}
 y - a scroll of acquirement {unknown}
 G - 2 scrolls of enchant weapon {unknown}
 L - 4 scrolls of identify {unknown}
 M - 4 scrolls of enchant armour {unknown}
Potions
 d - a potion of might
 e - 2 potions of cancellation {unknown}
 i - a potion of flight {unknown}
 m - 3 potions of mutation
 p - 3 potions of degeneration
 q - 2 potions of haste
 z - a potion of invisibility {unknown}
 D - a potion of resistance {unknown}
 E - 3 potions of curing
 I - 3 potions of brilliance {unknown}
 K - a potion of stabbing {unknown}
 N - a potion of ambrosia {unknown}
Comestibles
 f - 21 rations


   Skills:
 + Level 6.8 Fighting
 + Level 5.6 Maces & Flails
 + Level 6.7 Armour
 * Level 6.4 Dodging
 + Level 6.7 Shields


You had 8 spell levels left.
You didn't know any spells.
Your spell library was empty.

Dungeon Overview and Level Annotations

Branches:
Dungeon (8/15)             Temple (1/1) D:4
   Lair: D:8-11

Altars:
Ashenzari
Cheibriados
Elyvilon
Fedhas
Gozag
Hepliaklqana
Kikubaaqudgha
Makhleb
Nemelex Xobeh
Qazlal
Ru
Sif Muna
Trog
Uskayaw
Vehumet
Wu Jian
Xom
Yredelemnul
Zin
The Shining One

Shops:
D:6 *=

Annotations:
D:8 Gastronok


Innate Abilities, Weirdness & Mutations

You are resistant to torment.
Your stone body is resilient. (AC +6)
You are immune to poison.
You resist negative energy. (rN+)
You are resistant to electric shocks. (rElec)
You can survive without breathing.
You are immune to petrification.
You are immune to rotting.


Message History

You hit Gastronok but do no damage. The orc hits you but does no damage.
The rat closely misses you. You block Gastronok's attack.
The orc closely misses you.
You hit Gastronok.
Gastronok is lightly wounded.
You block the rat's attack. The orc closely misses you.
The rat barely misses you. Gastronok bites you!!
You hit Gastronok.
Gastronok is lightly wounded.
The orc hits you with a +0 flail. You block the rat's attack.
The rat barely misses you. You block the orc's attack.
Gastronok waves his eye-stalks in wide circles.
The air twists around and strikes you!
* * * LOW HITPOINT WARNING * * *
Okay, then.
You feel yourself speed up. The rat bites you but does no damage.
You block the orc's attack. The rat closely misses you.
It was a potion of curing.
You feel better. The orc hits you but does no damage. Gastronok bites you!
You die...

#....###+# #.....###..########..
#....# #..w###.....#..###.......
#....# .r....#.....#....#.......
#....# ...o..'.....#....#.......
#....# ......#.....#....+.......
#....# ...o. #.....#....#.......
#....# ##.. ##.....#..###......÷
#....########.rwo.##..######....
#......#....#..@..#........#....
#....."#....#.....#........#....
#......#....#.....+........#....
#......#....#.....#........#....
#......#....#.....#........+>...
#...##.####.#.....########'#....
######.####.####................
#..........#................
#..........#................


You could see Gastronok, an orc and a rat (summoned).

Vanquished Creatures
  Joseph (D:8)
  Psyche (D:8)
  2 hippogriffs
  Edmund (D:4)
  2 orc warriors
  2 ice beasts
  3 ogres
  A centaur (D:7)
  A big kobold (D:8)
  Blork the orc (D:4)
  A gnoll sergeant (D:8)
  A wyvern zombie (D:8)
  2 scorpions
  A crimson imp (D:6)
  A quasit (D:8)
  A hound (D:7)
  2 orc priests
  4 jellies
  3 orc wizards
  5 worker ants
  A killer bee zombie (D:8)
  Robin (D:3)
  3 gnolls (D:8)
  11 adders
  An ooze (D:1)
  An adder zombie (D:5)
  An adder skeleton (D:4)
  A worm (D:2)
  5 dart slugs
  A leopard gecko (D:6)
  32 orcs
  7 giant cockroaches
  17 goblins
  12 hobgoblins
  13 jackals
  5 quokkas
  A ball python (Temple)
  6 bats
  6 frilled lizards
  A giant cockroach zombie (D:5)
  A jackal zombie (D:5)
  11 kobolds
  A leopard gecko zombie (D:8)
  A quokka zombie (D:7)
  4 rats
180 creatures vanquished.

Notes
Turn   | Place    | Note
-------+----------+-------------------------------------------
     0 | D:1      | DerDa the Gargoyle Fighter began the quest for the Orb.
     0 | D:1      | Reached XP level 1. HP: 14/14 MP: 1/1
   141 | D:1      | Reached XP level 2. HP: 10/19 MP: 2/2
   581 | D:1      | Reached skill level 1 in Dodging
   808 | D:1      | Reached XP level 3. HP: 23/23 MP: 3/3
  1492 | D:2      | Reached XP level 4. HP: 15/28 MP: 4/4
  2047 | D:2      | Reached XP level 5. HP: 29/33 MP: 5/5
  2186 | D:2      | You fall into a shaft and drop 1 floor!
  3237 | D:4      | Noticed Edmund
  3267 | D:4      | Killed Edmund
  3267 | D:4      | Reached XP level 6. HP: 35/38 MP: 6/6
  3881 | D:4      | Noticed Robin
  3929 | D:3      | Killed Robin
  3952 | D:4      | Noticed Blork the orc
  3993 | D:4      | Killed Blork the orc
  3993 | D:4      | Reached XP level 7. HP: 38/44 MP: 7/7
  4209 | D:4      | Found a staircase to the Ecumenical Temple.
  4222 | Temple   | Entered the Ecumenical Temple
  4349 | Temple   | Became a worshipper of the Shining One
  4673 | D:5      | Entered Level 5 of the Dungeon
  5254 | D:5      | Reached skill level 5 in Armour
  5303 | D:5      | Reached skill level 5 in Shields
  5458 | D:5      | Reached skill level 5 in Fighting
  5458 | D:5      | Reached XP level 8. HP: 48/49 MP: 8/8
  5872 | D:6      | Found Deoc's Jewellery Boutique.
  6225 | D:6      | Found Tegapyoz's General Store.
  6233 | D:6      | Bought a potion of degeneration for 12 gold pieces
  6233 | D:6      | Bought a potion of haste for 120 gold pieces
  6233 | D:6      | Bought a potion of mutation for 96 gold pieces
  6233 | D:6      | Bought a scroll of teleportation for 36 gold pieces
  6471 | D:7      | Reached skill level 5 in Dodging
  6474 | D:7      | Reached * piety under the Shining One
  6554 | D:7      | Found a shimmering altar of Xom.
  6556 | D:7      | Found a sacrificial altar of Ru.
  6556 | D:7      | Found a hazy altar of Hepliaklqana.
  6582 | D:7      | Found a radiant altar of Vehumet.
  6754 | D:7      | Noticed a hippogriff
  6770 | D:7      | Killed a hippogriff
  6770 | D:7      | Reached XP level 9. HP: 50/55 MP: 9/9
  6971 | D:8      | Reached skill level 5 in Maces & Flails
  7255 | D:8      | Noticed Psyche
  7270 | D:8      | Killed Psyche
  7408 | D:8      | Noticed Joseph
  7428 | D:8      | Killed Joseph
  7677 | D:8      | Noticed Gastronok
  7735 | D:8      | HP: 2/56 [Gastronok/the air (17)]
  7737 | D:8      | Mangled by Gastronok

Illustrated notes

Levels and vault maps discovered:
D:1:      dpeg_arrival_three_bigger_balls, layout_basic
D:2:      minmay_wonky_spiral, layout_rooms, first_ration, serial_bayou_lagoon_a
D:3:      layout_basic
D:4:      layout_cave_pools, minmay_temple_entry_junction, uniq_robin,
          uniq_edmund, uniq_blork_the_orc
D:5:      layout_layer_cave
D:6:      layout_rooms, serial_shops, shop_fountains, kennysheep_little_box,
          lightli_orcish_oven
D:7:      layout_basic, chequers_temple_overflow_statue_of_worship
D:8:      layout_gridville, uniq_psyche, uniq_joseph, uniq_gastronok
Temple:   compressed_dpeg_circular_temple

Skill      XL: |  1  2  3  4  5  6  7  8  9 |
---------------+----------------------------+-----
Dodging        | 1 2 3 4 5 6 |  6.4
Armour         | 4 5 6 |  6.7
Fighting       | 4 5 6 |  6.8
Maces & Flails | 3 4 5 |  5.6
Shields        | 4 5 6 |  6.7

Action                   |  1- 3 |  4- 6 |  7- 9 || total
-------------------------+-------+-------+-------++-------
Melee: Flail             |   169 |   107 |    11 ||   287
       Mace              |       |   119 |   456 ||   575
  Use: Scroll            |       |       |     2 ||     2
       Potion            |       |       |     2 ||     2
  Eat: Chunk             |     2 |     9 |    12 ||    23
Armor: Scale mail        |   134 |   111 |   274 ||   519
Dodge: Dodged            |    64 |    84 |   221 ||   369
Block: Kite shield       |   125 |   147 |   296 ||   568
